 Dungeon Crawl Stone Soup version 0.30-a0-777-ga9a30cbeda (webtiles) character file.

Game seed: 4445893548871787596

118847 Orangeyouglad the Lord of Darkness (level 16, -6/81 HPs)
             Began as a Vine Stalker Brigand on Feb 13, 2023.
             Was the Champion of Kikubaaqudgha.
             Mangled by a catoblepas (9 damage)
             ... led by Polyphemus
             ... while petrified by a catoblepas
             ... on level 2 of the Shoals on Feb 14, 2023.
             The game lasted 02:21:33 (25859 turns).

Orangeyouglad the Lord of Darkness (VSBr)          Turns: 25859, Time: 02:21:34

Health: -6/81      AC: 13    Str: 18    XL:     16   Next: 77%
Magic:  0/39       EV:  2    Int: 20    God:    Kikubaaqudgha [******]
Gold:   957        SH:  0    Dex: 25    Spells: 13/33 levels left

rFire   . . .      SeeInvis +    e - +9 sword of Zonguldrok {reap}
rCold   . . .      Faith    .    F - +3 buckler
rNeg    + + +      Spirit   +    y - +2 ring mail {Will+}
rPois   ∞          Reflect  +    g - +0 hat
rElec   .          Harm     .    T - +0 cloak
rCorr   .          Rampage  .    o - +2 pair of gloves
Will    ++++.                    (no boots)
Stlth   ++++                     v - amulet of reflection
HPRegen 1.13/turn                q - +6 ring of dexterity
MPRegen 0.26/turn                p - ring of Qafaozy {rN+ Will+ MP+9 Int+6 SInv}

@: death channelling, petrified, animating dead, studying Armour
A: fangs 3, regeneration 1, magic shield, antimagic bite, no potion heal 2,
antennae 1, talons 1, mutation resistance 1, strong 1
a: Renounce Religion, Unearth Wretches, Torment


You were on level 2 of the Shoals.
You worshipped Kikubaaqudgha.
Kikubaaqudgha was exalted by your worship.
You visited 5 branches of the dungeon, and saw 26 of its levels.
You also visited: Ossuary and Bailey.

You collected 2748 gold pieces.
You spent 1791 gold pieces at shops.

Inventory:

Hand Weapons
 e - the +9 sword of Zonguldrok (weapon) {reap}
   (You found it in a bailey)
Missiles
 d - 53 poisoned darts
 s - 6 atropa-tipped darts
 M - 25 boomerangs (quivered)
 N - 2 throwing nets
 P - 2 curare-tipped darts
Armour
 g - a +0 hat (worn)
 k - the +0 pair of gloves of Beyond {rCorr Str+4 Int+4 Dex-5}
   (You took it off Nikola on level 1 of the Shoals)

   Str:       It affects your strength (+4).
   Int:       It affects your intelligence (+4).
   Dex:       It affects your dexterity (-5).
   rCorr:     It protects you from acid and corrosion.
 o - a +2 pair of gloves (worn)
 y - a +2 ring mail of willpower (worn)
 F - a +3 buckler (worn)
 L - +0 acid dragon scales
 Q - the +1 robe of Loss {+Inv rPois Str+3}
   (You found it on level 2 of the Shoals)

   Str:       It affects your strength (+3).
   rPois:     It protects you from poison.
   +Inv:      It lets you turn invisible.
 T - a +0 cloak (worn)
Jewellery
 h - a ring of willpower
 i - a ring of protection from cold
 p - the ring of Qafaozy (right hand) {rN+ Will+ MP+9 Int+6 SInv}
   (You bought it in a shop on level 2 of the Orcish Mines)

   [ring of intelligence]

   Int:       It affects your intelligence (+6).
   rN:        It protects you from negative energy.
   MP:        It affects your magic capacity (+9).
   SInv:      It lets you see invisible.
   Will:      It increases your willpower.
 q - a +6 ring of dexterity (left hand)
 v - an amulet of reflection (around neck)
 C - a ring of flight
 W - a ring of fire
 X - a ring of wizardry
Wands
 m - a wand of charming (14)
 z - a wand of iceblast (11)
 H - a wand of quicksilver (2)
 V - a wand of polymorph (26)
Scrolls
 b - 3 scrolls of blinking
 f - 3 scrolls of amnesia
 l - 3 scrolls of enchant weapon
 r - 7 scrolls of vulnerability
 t - 6 scrolls of fog
 w - a scroll of brand weapon
 x - 3 scrolls of poison
 D - 7 scrolls of teleportation
 E - 4 scrolls of enchant armour
 J - 2 scrolls of identify
 K - a scroll of fear
 U - 2 scrolls of silence {unknown}
 Y - 3 scrolls of immolation
 Z - 2 scrolls of butterflies
Potions
 a - 2 potions of attraction
 c - 2 potions of resistance
 n - 12 potions of curing
 u - 2 potions of might
 A - 2 potions of magic
 B - 4 potions of brilliance
 G - 2 potions of mutation
 I - 2 potions of haste
 O - a potion of flight
 R - 4 potions of lignification
 S - 4 potions of cancellation
Miscellaneous
 j - a phantom mirror


   Skills:
 - Level 8.0 Fighting
 - Level 2.3(7.5) Short Blades
 + Level 11.3(11.4) Long Blades
 - Level 6.0 Throwing
 - Level 8.2 Armour
 + Level 10.3 Dodging
 - Level 10.0 Stealth
 + Level 12.0 Shields
 + Level 9.1 Spellcasting
 - Level 5.4 Summonings
 + Level 14.2 Necromancy
 - Level 5.0 Earth Magic


You had 13 spell levels left.
You knew the following spells:

 Your Spells              Type           Power      Damage    Failure   Level
a - Magic Dart            Conj           36%        1d4       14%         1
b - Death Channel         Necr           30%        N/A       6%          6
c - Dispel Undead         Necr           60%        3d21      1%          4
d - Animate Dead          Necr           60%        N/A       1%          4
e - Borgnjor's Vile Clut  Necr/Erth      23%        N/A       8%          5

Your spell library contained the following spells:

 Spells                   Type           Power      Damage    Failure   Level
 Kiss of Death            Conj/Necr      100%       2d13      1%          1
 Necrotise                Necr           100%       1d9       1%          1
 Summon Small Mammal      Summ           100%       N/A       1%          1
 Sublimation of Blood     Necr           60%        N/A       1%          2
 Call Imp                 Summ           30%        N/A       2%          2
 Cigotuvi's Dreadful Rot  Necr/Pois/Air  56%        N/A       3%          2
 Call Canine Familiar     Summ           30%        N/A       4%          3
 Apportation              Tloc           18%        N/A       14%         1
 Sting                    Tmut/Pois      36%        1d4       14%         1
 Poisonous Vapours        Pois/Air       18%        N/A       22%         2
 Confusing Touch          Hex            9%         N/A       41%         3
 Inner Flame              Hex/Fire       9%         N/A       41%         3
 Mephitic Cloud           Conj/Pois/Air  9%         N/A       41%         3
 Portal Projectile        Hex/Tloc       18%        N/A       41%         3
 Vhi's Electric Charge    Tloc/Air       18%        N/A       41%         3
 Leda's Liquefaction      Hex/Erth       9%         N/A       45%         4
 Simulacrum               Ice/Necr       18%        N/A       75%         6
 Cause Fear               Hex            4%         N/A       82%         4
 Olgreb's Toxic Radiance  Pois           9%         N/A       82%         4
 Passage of Golubria      Tloc           9%         N/A       82%         4
 Haunt                    Necr/Summ      24%        N/A       91%         7
 Borgnjor's Revivificati  Necr           30%        N/A       95%         8
 Infestation              Necr           30%        N/A       95%         8
 Alistair's Intoxication  Tmut/Pois      6%         N/A       99%         5
 Arcjolt                  Conj/Air       4%         1d14      99%         5
 Discord                  Hex            4%         N/A       100%        8
 Maxwell's Capacitive Co  Air            4%         ∞         100%        8
 Necromutation            Tmut/Necr      18%        N/A       100%        8
 Death's Door             Necr           30%        N/A       100%        9


Dungeon Overview and Level Annotations

Branches:
Dungeon (15/15)            Temple (1/1) D:7            Lair (5/5) D:8
 Shoals (3/4) Lair:2       Spider (0/4) Lair:3        Slime (0/5) Lair:5
    Orc (2/2) D:12            Elf (0/3) Orc:2        Vaults (0/5) D:13
 Depths (0/4) D:15        Ossuary (visited)          Bailey (visited)

Altars:
Ashenzari
Cheibriados
Elyvilon
Fedhas
Gozag
Hepliaklqana
Kikubaaqudgha
Makhleb
Nemelex Xobeh
Okawaru
Qazlal
Ru
Sif Muna
Trog
Uskayaw
Vehumet
Wu Jian
Xom
Yredelemnul
Zin
The Shining One
Jiyva

Shops:
D:4 (=(:=   Orc:1 *   Orc:2 (*(=   Shoals:1 ?

Annotations:
Shoals:3 Ilsuiw, Polyphemus


Innate Abilities, Weirdness & Mutations

You have razor-sharp teeth.
Your natural rate of healing is unusually fast.
When hurt, damage is shared between your health and your magic reserves.
Your bite disrupts and absorbs the magic of your enemies.
Potions cannot restore your health.
You have a pair of small antennae on your head.
You have sharp toenails.
You are somewhat resistant to further mutation.
Your muscles are strong. (Str +4, Int/Dex -1)


Message History

Your spectral merfolk siren hits the death yak!
You block the death yak's attack.
The water nymph completely misses your spectral merfolk siren.
The catoblepas breathes a plume of calcifying dust at you.
The blast of calcifying dust hits you!
Polyphemus throws a large rock.
The large rock hits your spectral merfolk siren!
Your merfolk siren zombie is engulfed in calcifying dust.
Your merfolk siren zombie stops moving altogether!
The merfolk impaler closely misses you.
Ilsuiw hits your spectral merfolk siren with a +3 trident of freezing.
Your spectral merfolk siren completely misses the death yak.
The death yak gores you!
* * * LOW HITPOINT WARNING * * *
Polyphemus hits your spectral merfolk siren!! x2
Your spectral merfolk siren is destroyed!
The catoblepas breathes a plume of calcifying dust at you.
The blast of calcifying dust hits you but does no damage.
Your merfolk siren zombie is engulfed in calcifying dust.
The merfolk impaler misses you.
There is a stone staircase leading up, spattered with blood here.
You are engulfed in calcifying dust.
You are slowing down.
The merfolk impaler closely misses you.
The death yak is engulfed in calcifying dust.
The death yak is moving more slowly.
The death yak gores you!
* * * LOW HITPOINT WARNING * * *
You block the catoblepas's attack.
You climb upwards.
You have turned to stone.
The catoblepas gores you!!
* * * LOW HITPOINT WARNING * * *
The death yak gores you but does no damage.
The catoblepas gores you but does no damage.
The death yak gores you!
* * * LOW HITPOINT WARNING * * *
The catoblepas gores you!
* * * LOW HITPOINT WARNING * * *
The death yak gores you but does no damage.
The catoblepas gores you!!
You die...
Kikubaaqudgha rasps: "You have failed me!
Welcome... oblivion!"

#>~~~≈≈≈~~~~~..~~≈≈≈≈≈≈≈≈≈≈≈#
####.~~~~~~~~....~~~~~~~~~≈≈≈≈≈#
.....~~~~~~~.....~~~~~~~~~~~≈≈≈#
.~...~~~~~.....##..~~~~~.~~~≈≈≈#
~~~~.~~≈~~....####.~~.....~~≈≈≈#
≈≈≈~~~~≈~~....# #....###.~~≈≈≈#
≈≈≈~.~~~~~...#####..### #..~≈≈≈#
≈≈≈~~~~~~...####....# ##..~≈≈≈#
##≈≈≈≈≈~~....#.Y@...# #..~~≈≈≈#
##≈≈≈≈~.~~~~~~Y~~~.## #..~~~≈≈#
##≈≈≈≈≈~~~~~~~~~~~~~.# ##..~~≈≈#
≈≈≈≈≈≈≈≈≈~~~~~~~~~~~.## #..~~≈≈#
≈≈≈≈≈≈≈≈≈~~~~~~~≈≈≈≈~.###..~≈≈≈#
≈≈≈≈≈≈≈≈≈~~~≈~~~≈≈≈≈~~....~~≈≈≈#
≈≈≈≈≈≈≈≈≈≈≈≈≈≈≈≈≈≈≈≈≈≈~..~~~≈≈≈#
≈≈≈≈≈≈≈≈≈≈≈≈≈~~≈≈≈≈≈≈≈≈≈≈≈≈≈≈≈≈#
≈≈≈≈≈≈≈≈≈≈÷~.~~≈≈≈≈≈≈≈≈≈≈≈≈≈≈≈≈#


You could see a death yak and a catoblepas (drained).

Vanquished Creatures
  Jorgrun (Shoals:1)
  2 ettins
  A merfolk impaler (Shoals:1)
  Josephine (D:14)
  A vault guard (D:13)
  3 hydras
  2 ghost crabs (Shoals:1)
  4 catoblepae
  3 centaur warriors
  5 two-headed ogres
  A satyr (Shoals:2)
  A boulder beetle (D:12)
  4 death yaks
  2 tengu warriors
  3 orc high priests (Orc:2)
  A shadow wraith (D:13)
  3 skeletal warriors
  5 bog bodies (Shoals:2)
  A deep troll (D:15)
  3 skysharks
  A wizard (D:15)
  4 sea snakes
  Pikel (D:6)
  A necromancer (D:15)
  8 harpies
  An orc knight (Bailey)
  3 deep elf pyromancers
  5 ugly things
  An oklob plant (Lair:5)
  2 orc sorcerers (Orc:2)
  A spectral merfolk (Shoals:1)
  5 cyclopes
  3 fauns
  2 merfolk sirens
  5 manticores
  2 black mambas
  A water nymph (Shoals:2)
  Maggie (D:7)
  2 unseen horrors
  2 cane toads (Lair:5)
  A rime drake (Lair:5)
  5 komodo dragons
  A freezing wraith (D:14)
  A hornet (shapeshifter) (D:15)
  A tengu conjurer (D:12)
  A polar bear (Lair:5)
  9 merfolk
  A troll (shapeshifter) (D:15)
  A wind drake (Shoals:1)
  4 trolls
  2 hornets (D:9)
  9 dream sheep
  12 blink frogs
  3 snapping turtles
  The ghost of Newt the Shooter, an amateur KoHu of Cheibriados (D:3)
  A jumping spider (Lair:3)
  A shadow (D:10)
  6 slime creatures (D:12)
  A culicivora (Lair:3)
  A centaur simulacrum (D:15)
  34 yaks
  2 wyverns
  A vampire (D:11)
  A hog (shapeshifter) (D:13)
  3 water elementals
  8 wraiths
  A basilisk (shapeshifter) (D:13)
  3 basilisks
  2 steam dragons
  9 vampire mosquitoes
  4 redbacks (Lair:3)
  2 wargs (D:8)
  2 acid dragons
  9 water moccasins
  6 black bears
  19 orc warriors
  3 ice beasts
  5 wolves
  4 ogres
  A tengu (shapeshifter) (D:14)
  5 centaurs
  5 kobold brigands
  3 phantoms
  2 lemures (D:6)
  An elf zombie (Ossuary)
  A bullfrog (Lair:3)
  7 scorpions
  5 wights (D:8)
  22 killer bees
  2 howler monkeys (D:14)
  2 human zombies (Ossuary)
  4 hounds
  2 centaur zombies (Ossuary)
  25 orc priests
  2 jellies
  2 gnoll boudas
  4 iguanas
  18 orc wizards
  2 mummies (Ossuary)
  2 hound zombies (Ossuary)
  13 gnolls
  8 adders
  4 white imps
  An ufetubus (D:5)
  An adder zombie (Ossuary)
  3 worms
  2 dart slugs
  49 orcs
  9 ball pythons
  15 bats
  5 endoplasms
  3 giant cockroaches
  3 gnoll zombies (Ossuary)
  12 goblins
  10 hobgoblins
  7 jackals (D:2)
  32 kobolds
  5 quokkas
  4 frilled lizards (D:1)
  5 hobgoblin zombies (Ossuary)
  5 jackal zombies (Ossuary)
  An orc zombie (Ossuary)
  2 quokka zombies (Ossuary)
  4 rats
  7 rat zombies (Ossuary)
  A bush (D:14)
  A butterfly (D:6)
607 creatures vanquished.

Vanquished Creatures (collateral kills)
  Nikola (Shoals:1)
  A spectral kraken (Shoals:1)
  2 hydras
  A merfolk impaler (Shoals:3)
  A ghost crab (Shoals:1)
  A catoblepas (Lair:5)
  2 satyrs (Shoals:2)
  2 centaur warriors
  A merfolk avatar (Shoals:3)
  2 tengu warriors (D:14)
  4 death yaks
  An orc high priest (Orc:2)
  A skeletal warrior (D:14)
  3 bog bodies (Shoals:2)
  A deep troll (D:15)
  A sea snake (Shoals:2)
  6 harpies
  9 ugly things
  A manticore (Shoals:1)
  5 fauns
  A black mamba (Lair:3)
  A cyclops (Shoals:3)
  5 merfolk sirens
  A spectral sea snake (Shoals:1)
  8 cane toads
  A torpor snail (Lair:5)
  2 rime drakes
  2 komodo dragons (Lair:3)
  A queen bee (Lair:1)
  A troll (D:12)
  2 merfolk
  4 blink frogs
  16 dream sheep
  2 jumping spiders (Lair:3)
  A snapping turtle (Shoals:1)
  2 slime creatures (D:12)
  19 yaks
  A culicivora (Lair:3)
  2 water elementals (D:14)
  2 wyverns
  3 basilisks
  5 vampire mosquitoes
  A redback (Lair:3)
  2 water moccasins
  3 orc warriors
  3 wolves
  2 centaurs (D:14)
  An elf zombie (Ossuary)
  A bullfrog (Lair:3)
  6 killer bees
  6 electric eels
  An orc priest (Orc:2)
  2 jellies (Lair:5)
  An orc wizard (Orc:1)
  A mummy (Ossuary)
  An adder zombie (Ossuary)
  11 orcs
  An endoplasm (Lair:5)
  A jackal zombie (Ossuary)
  3 kobolds
  2 kobold zombies (Ossuary)
  A quokka zombie (Ossuary)
  A bush (D:14)
  A tentacle (Shoals:1)
180 creatures vanquished.

Vanquished Creatures (others)
  A sea snake (Shoals:1)
  7 ugly thing zombies
  2 skyshark zombies
  A cane toad (Lair:5)
  A catoblepas zombie (Lair:5)
  A sea snake zombie (Shoals:2)
  2 unseen horror zombies
  3 harpy zombies
  A merfolk (Shoals:1)
  A hydra zombie (Lair:5)
  A black mamba zombie (Lair:1)
  2 slime creature zombies (D:12)
  A wind drake zombie (Shoals:1)
  A vampire mosquito (D:12)
  A steam dragon (Lair:5)
  3 faun zombies
  3 cane toad zombies (Lair:5)
  2 merfolk zombies
  A hornet zombie (D:9)
  5 blink frog zombies
  2 ghost crab zombies (Shoals:1)
  2 manticore zombies
  7 dream sheep zombies
  2 vampire mosquito zombies
  A bullfrog (Lair:5)
  A cyclops zombie (Shoals:3)
  A wyvern zombie (Lair:5)
  A water moccasin zombie (Lair:5)
  2 killer bees (Lair:1)
  A troll zombie (Orc:1)
  14 yak zombies
  6 wolf zombies
  2 centaur zombies
  A bullfrog zombie (Lair:5)
  An orc priest (Orc:2)
  A scorpion zombie (D:7)
  8 killer bee zombies
  2 howler monkey zombies (D:14)
  27 orc zombies
  2 gnoll zombies (D:8)
  An endoplasm zombie (Lair:5)
  3 kobold zombies (D:9)
  A bush (D:14)
  61 fungi
  137 plants
  5 tentacles (Shoals:1)
  10 withered plants (Shoals:1)
342 creatures vanquished.

Grand Total: 1129 creatures vanquished

Notes
Turn   | Place    | Note
-------+----------+-------------------------------------------
     0 | D:1      | Orangeyouglad the Vine Stalker Brigand began the quest for
                  | the Orb.
     0 | D:1      | Reached XP level 1. HP: 11/11 MP: 2/2
   160 | D:1      | Reached skill level 1 in Dodging
   160 | D:1      | Reached XP level 2. HP: 15/15 MP: 3/3
   172 | D:1      | Reached skill level 5 in Stealth
   366 | D:1      | Reached XP level 3. HP: 18/18 MP: 2/4
  1036 | D:2      | Gained mutation: Your natural rate of healing is unusually
                  | fast. [Vine Stalker growth]
  1036 | D:2      | Reached XP level 4. HP: 23/23 MP: 5/5
  1430 | D:3      | Learned a level 1 spell: Magic Dart
  1433 | D:3      | Learned a level 2 spell: Call Imp
  1595 | D:3      | Found a stormy altar of Qazlal.
  1642 | D:3      | Noticed a phantom
  1643 | D:3      | Noticed Newt's ghost (amateur KoHu)
  1647 | D:3      | Found a transporter.
  1696 | D:3      | Found a hazy altar of Hepliaklqana.
  1789 | D:3      | Found a transporter.
  2062 | D:3      | Found a glowing golden altar of the Shining One.
  2177 | D:4      | Found Faodomy's Antique Weapon Boutique.
  2211 | D:4      | Found Moklul's Jewellery Shop.
  2225 | D:4      | Reached XP level 5. HP: 19/27 MP: 6/6
  2225 | D:4      | Found a sand-covered staircase.
  2296 | D:4      | Reached skill level 1 in Summonings
  2316 | D:4      | Noticed an ogre
  2325 | D:4      | Killed an ogre
  2326 | D:4      | Reached XP level 6. HP: 32/32 MP: 7/7
  2362 | Ossuary  | Entered an ossuary
  2713 | Ossuary  | Reached skill level 1 in Spellcasting
  2713 | Ossuary  | Reached XP level 7. HP: 33/36 MP: 9/9
  3012 | D:4      | Gained mutation: You have a pair of small antennae on your
                  | head. [potion of mutation]
  3012 | D:4      | Gained mutation: Your muscles are strong. (Str +4, Int/Dex
                  | -1) [potion of mutation]
  3012 | D:4      | Gained mutation: You are somewhat resistant to further
                  | mutation. [potion of mutation]
  3012 | D:4      | Gained mutation: You have sharp toenails. [potion of
                  | mutation]
  3234 | D:4      | Found Siheotta's Weapon Shop.
  3291 | D:4      | Found Vaiziq's Jewellery Boutique.
  3352 | D:4      | Found Gonlon's Book Shoppe.
  3492 | D:4      | Reached skill level 1 in Necromancy
  3508 | D:4      | Reached skill level 1 in Armour
  3565 | D:4      | Reached skill level 2 in Necromancy
  3587 | D:4      | Gained mutation: You have razor-sharp teeth. [Vine Stalker
                  | growth]
  3587 | D:4      | Reached XP level 8. HP: 40/40 MP: 12/12
  3654 | D:5      | Entered Level 5 of the Dungeon
  4180 | D:5      | Reached skill level 3 in Necromancy
  4186 | D:5      | Found a broken altar of Ashenzari.
  4532 | D:5      | Found a shimmering blue altar of Sif Muna.
  4570 | D:6      | Noticed Pikel
  4627 | D:6      | Reached skill level 1 in Shields
  4634 | D:5      | Reached skill level 4 in Necromancy
  4924 | D:6      | Reached XP level 9. HP: 41/44 MP: 13/15
  5211 | D:6      | Reached skill level 5 in Necromancy
  5224 | D:6      | Found a radiant altar of Vehumet.
  5265 | D:6      | Found a shimmering altar of Xom.
  5453 | D:6      | Found a bloodstained altar of Trog.
  5491 | D:6      | Killed Pikel
  5492 | D:6      | Reached skill level 5 in Throwing
  5555 | D:6      | Found the +11 Singing Sword {sonic wave}
  5747 | D:7      | Reached skill level 6 in Necromancy
  5794 | D:7      | Reached skill level 5 in Armour
  5799 | D:7      | Noticed Maggie
  5819 | D:7      | Killed Maggie
  5850 | D:7      | Found a staircase to the Ecumenical Temple.
  5860 | D:7      | Found a flagged portal.
  5869 | Bailey   | Entered a bailey
  5874 | Bailey   | Noticed an orc warlord
  5874 | Bailey   | Found the +9 sword of Zonguldrok {reap}
  5897 | Bailey   | Reached XP level 10. HP: 49/49 MP: 13/18
  5983 | Bailey   | Reached skill level 5 in Spellcasting
  6035 | Bailey   | Noticed an orc knight
  6060 | Bailey   | Killed an orc knight
  6061 | Bailey   | Reached skill level 7 in Necromancy
  6074 | Bailey   | Found a runed translucent gate.
  6088 | Bailey   | Found a runed translucent gate.
  6091 | Bailey   | Found a runed translucent gate.
  6284 | D:7      | Acquired 503 gold pieces
  6378 | Temple   | Entered the Ecumenical Temple
  6525 | Temple   | Became a worshipper of Kikubaaqudgha
  7294 | D:4      | Bought the Discourse on Translocated Necromancy for 420
                  | gold pieces
  7294 | D:4      | Bought a book of Cantrips for 120 gold pieces
  7294 | D:4      | Bought a book of Touch for 220 gold pieces
  7301 | D:4      | Learned a level 4 spell: Dispel Undead
  7423 | D:8      | Found a staircase to the Lair.
  7563 | D:7      | Found a blossoming altar of Fedhas.
  7701 | D:8      | Reached skill level 1 in Long Blades
  7760 | D:8      | Reached * piety under Kikubaaqudgha
  7760 | D:8      | Received a gift from Kikubaaqudgha
  7901 | D:8      | Reached skill level 10 in Stealth
  7923 | D:8      | Found an opulent altar of Gozag.
  8311 | D:9      | Reached skill level 8 in Necromancy
  8436 | D:9      | Found a hide-covered altar of Uskayaw.
  8871 | D:9      | Noticed a two-headed ogre
  8880 | D:9      | Reached XP level 11. HP: 23/53 MP: 10/19
  9047 | D:9      | Reached skill level 5 in Shields
  9189 | D:9      | Killed a two-headed ogre
  9236 | D:9      | Found a snail-covered altar of Cheibriados.
  9265 | D:9      | Reached skill level 9 in Necromancy
  9303 | D:10     | Entered Level 10 of the Dungeon
  9303 | D:10     | Noticed a centaur warrior
  9311 | D:10     | Killed a centaur warrior
  9425 | D:10     | Identified the +10 falchion of the Equinox {spect, Fragile
                  | rElec MP+9 Stlth+}
  9550 | D:10     | Reached ** piety under Kikubaaqudgha
 10073 | D:11     | Noticed a cyclops
 10081 | D:11     | Killed a cyclops
 10082 | D:11     | Reached skill level 5 in Fighting
 10177 | D:11     | You fall into a shaft and drop 3 floors!
 10184 | D:13     | Noticed a two-headed ogre
 10184 | D:13     | Noticed an entropy weaver
 10185 | D:13     | Noticed a tengu warrior
 10189 | D:13     | Noticed a manticore
 10190 | D:13     | Noticed a cyclops
 10314 | D:12     | Noticed a purple ugly thing
 10329 | D:12     | Killed a purple ugly thing
 10392 | D:11     | Learned a level 4 spell: Animate Dead
 10771 | D:12     | Reached skill level 10 in Necromancy
 10902 | D:12     | Noticed a purple ugly thing
 10998 | Lair:1   | Entered Level 1 of the Lair of Beasts
 11283 | Lair:1   | Reached XP level 12. HP: 60/60 MP: 20/20
 11319 | Lair:1   | Reached *** piety under Kikubaaqudgha
 11319 | Lair:1   | Received a gift from Kikubaaqudgha
 11339 | Lair:1   | Reached skill level 5 in Long Blades
 11418 | Lair:1   | Reached skill level 11 in Necromancy
 11739 | Lair:2   | Identified the +1 broad axe "Ososolem" {flame, rElec rC+
                  | Dex-3}
 11818 | Lair:2   | Noticed a four-headed hydra
 11845 | Lair:2   | Killed a four-headed hydra
 11846 | Lair:2   | Reached skill level 5 in Dodging
 12284 | Lair:2   | Found a staircase to the Shoals.
 12315 | Lair:2   | Learned a level 6 spell: Death Channel
 12596 | Lair:3   | Found a hole to the Spider Nest.
 12630 | Lair:3   | Reached skill level 12 in Necromancy
 13039 | Lair:3   | Reached **** piety under Kikubaaqudgha
 13543 | Lair:4   | Noticed a death yak
 13543 | Lair:4   | Noticed a death yak
 13543 | Lair:4   | Noticed a death yak
 13543 | Lair:4   | Noticed a five-headed hydra
 13612 | Lair:4   | Reached XP level 13. HP: 59/63 MP: 19/21
 13704 | Lair:4   | Reached skill level 13 in Necromancy
 14598 | Lair:5   | Entered Level 5 of the Lair of Beasts
 14611 | Lair:5   | HP: 3/63 [poisoned by a cane toad]
 14918 | Lair:5   | Found a staircase to the Slime Pits.
 15000 | Lair:5   | Reached ***** piety under Kikubaaqudgha
 15024 | Lair:5   | Reached XP level 14. HP: 65/68 MP: 23/25
 15069 | Lair:5   | Reached skill level 14 in Necromancy
 15721 | Lair:5   | Identified the +1 long sword of the Crushed Gods {freeze,
                  | rC+ MP-9 Stlth+}
 16009 | Lair:5   | Learned a level 5 spell: Borgnjor's Vile Clutch
 16330 | D:3      | Killed Newt's ghost
 16733 | D:12     | Reached skill level 1 in Earth Magic
 16764 | D:12     | Found a broken altar of Ashenzari.
 16840 | D:12     | Found a staircase to the Orcish Mines.
 16902 | D:12     | Reached skill level 10 in Shields
 17697 | D:13     | Found a gate to the Vaults.
 18123 | D:14     | Reached XP level 15. HP: 72/75 MP: 1/26
 18258 | D:14     | Reached ****** piety under Kikubaaqudgha
 18259 | D:14     | Received a gift from Kikubaaqudgha
 18832 | D:14     | Noticed Josephine
 18842 | D:14     | Killed Josephine
 19252 | D:15     | Entered Level 15 of the Dungeon
 19353 | D:15     | Found a staircase to the Depths.
 20235 | D:15     | Reached skill level 10 in Long Blades
 20639 | D:15     | Reached skill level 5 in Earth Magic
 20740 | Orc:1    | Entered Level 1 of the Orcish Mines
 20898 | Orc:2    | Entered Level 2 of the Orcish Mines
 21837 | Orc:2    | Found Initsoh's Weapon Boutique.
 21838 | Orc:2    | Found Efremogo's Jewellery Boutique.
 21841 | Orc:2    | Found Ired's General Store.
 21876 | Orc:2    | Found Keliliang's Weapon Shop.
 22004 | Orc:2    | Found a staircase to the Elven Halls.
 22237 | Orc:1    | Found Qyotuukh's General Store.
 22374 | Orc:1    | Bought a scroll of identify for 30 gold pieces
 22377 | Orc:1    | Bought 3 scrolls of teleportation for 135 gold pieces
 22566 | Orc:2    | Bought the ring of Qafaozy {rN+ Will+ MP+9 Int+6 SInv} for
                  | 834 gold pieces
 23109 | Shoals:1 | Entered Level 1 of the Shoals
 23112 | Shoals:1 | Identified the +0 pair of gloves of Beyond {rCorr Str+4
                  | Int+4 Dex-5}
 23112 | Shoals:1 | Noticed Nikola
 23132 | Shoals:1 | Killed Nikola
 23496 | Shoals:1 | Reached XP level 16. HP: 80/81 MP: 28/28
 23579 | Shoals:1 | Noticed Jorgrun
 23601 | Shoals:1 | Killed Jorgrun
 23869 | Shoals:1 | Found Goneedd's Magic Scroll Boutique.
 23881 | Shoals:1 | Bought a scroll of identify for 32 gold pieces
 24277 | Shoals:2 | Reached skill level 5 in Summonings
 24319 | Shoals:2 | Identified the +1 robe of Loss {+Inv rPois Str+3}
 24500 | Shoals:2 | Reached skill level 10 in Dodging
 25014 | Shoals:3 | Noticed Polyphemus
 25014 | Shoals:3 | Noticed Ilsuiw
 25858 | Shoals:2 | HP: 2/81 [catoblepas[Polyphemus] (6)]
 25859 | Shoals:2 | Mangled by a catoblepas

Illustrated notes

Levels and vault maps discovered:
D:1:      moated_graveyard_arrival, layout_rooms
D:2:      layout_loops_ring, kennysheep_generic_room_7
D:3:      layout_loops_cross, tso_oasis_becter, mainiacjoe_overflow_catwalk,
          mainiacjoe_overflow_cross_hatched, gammafunk_ghost_arena,
          minivault_23, kennysheep_generic_room_10
D:4:      layout_rooms, serial_shops, shop, nicolae_shop_advertising_works
          [nicolae_subvault_shop_adworks], nicolae_stop_n_shop_1,
          nicolae_shop_hallway_plus, nicolae_shop_overgrown_old_shop,
          nicolae_ossuary_entry_monument, minmay_manual_monstrance
D:5:      layout_loops_corners, mainiacjoe_overflow_paths, kennysheep_mini,
          hangedman_decor_push, grunt_decor_arrowhead
D:6:      old_forge, layout_cave_pools, mainiacjoe_overflow_six_doors_small,
          xom_butterflies, trog_ov_bears_minmay, uniq_pikel
D:7:      layout_basic, nicolae_overflow_hidden_temple,
          minmay_temple_entry_large_hall, enter_bailey_8, uniq_maggie
D:8:      layout_loops_cross, mainiacjoe_overflow_boulevard,
          erik_lair_orcish_takeover
D:9:      layout_long_grid, nicolae_uskayaw_dance_studio, old_standard_altar
D:10:     layout_loops_cross
D:11:     layout_gridville
D:12:     layout_rooms, orc_0_dummy, nicolae_ashenzari_skybound
D:13:     layout_cave_pools, david_vaults_4
D:14:     layout_cave_pools, serial_park_gazebo [serial_park_minivault_5x5_1],
          kennysheep_boxes, uniq_josephine
D:15:     hangedman_depths_entry_civil_slaughter, layout_loops_cross,
          st_stairs_14
Temple:   pf_slimified_temple
Lair:1:   layout_roguey [special_room_bee], grunt_megastairs_3
Lair:2:   layout_loops_ring, minmay_shoals_entry_lonely_mermaid
Lair:3:   layout_regular_city, nicolae_spider_entry_tight_spaces,
          grunt_megastairs_4, infiniplex_staircase_pool_2
Lair:4:   layout_roguey, serial_bayou_shore_a
Lair:5:   evilmike_catoblepas_cave, layout_regular_city,
          nicolae_slime_entry_slimehenge, minivault_25, lookout_lair_type,
          ldierk_geyser
Shoals:1: layout_shoals, serial_shops, nicolae_shop_crystal,
          nicolae_shoals_spectral_cove, uniq_jorgrun, uniq_nikola
Shoals:2: layout_shoals, nicolae_shoals_secluded_bog
Shoals:3: layout_shoals, uniq_polyphemus, uniq_ilsuiw
Orc:1:    layout_diamond_mine, serial_shops, shop
Orc:2:    st_orc_mages, layout_caves

Skill      XL: |  1  2  3  4  5  6  7  8  9 10 11 12 13 14 15 16 |
---------------+-------------------------------------------------+-----
Dodging        | 1 2 3 4 6 7 8 9 10 | 10.3
Stealth        | 5 6 7 8 9 10 | 10.0
Fighting       | 2 3 4 5 7 8 |  8.0
Short Blades   | 2 |  2.3
Throwing       | 2 3 4 5 6 |  6.0
Summonings     | 1 2 4 5 |  5.4
Spellcasting   | 1 2 3 4 5 7 9 |  9.1
Necromancy     | 2 4 6 8 10 12 13 14 | 14.2
Armour         | 1 3 5 6 8 |  8.2
Shields        | 1 3 4 6 7 9 10 11 12 | 12.0
Long Blades    | 2 4 6 8 9 10 11 | 11.3
Earth Magic    | 3 5 |  5.0

Action                     |  1- 3 |  4- 6 |  7- 9 | 10-12 | 13-15 | 16-18 || total
---------------------------+-------+-------+-------+-------+-------+-------++-------
  Melee: Dagger            |    89 |   215 |   399 |    35 |       |       ||   738
         Bite              |    25 |    76 |   117 |   113 |   213 |    34 ||   578
         Punch             |       |     2 |     3 |       |       |       ||     5
         Kick              |       |       |   102 |   107 |   215 |    43 ||   467
         Double sword      |       |       |       |   377 |   557 |   121 ||  1055
  Throw: Dart              |    72 |    40 |    76 |    46 |    13 |       ||   247
         Boomerang         |       |       |       |    49 |    31 |    41 ||   121
   Cast: Call Imp          |       |     6 |     9 |     1 |       |       ||    16
         Dispel Undead     |       |       |       |    16 |    17 |       ||    33
         Animate Dead      |       |       |       |     6 |    20 |     7 ||    33
         Death Channel     |       |       |       |     2 |    38 |    14 ||    54
         Borgnjor's Vile C |       |       |       |       |     3 |       ||     3
 Invoke: Unearth Wretches  |       |       |       |       |     2 |       ||     2
         Receive Forbidden |       |       |       |       |     1 |       ||     1
  Evoke: Wand              |       |       |     5 |    20 |    27 |     1 ||    53
         Phantom mirror    |       |       |       |       |     2 |       ||     2
    Use: Scroll            |       |     4 |     7 |    26 |    10 |     2 ||    49
         Potion            |       |       |     1 |     3 |     4 |       ||     8
   Stab: Sleeping          |     4 |     8 |     6 |    11 |     5 |       ||    34
         Invisible         |       |     1 |     6 |     5 |       |       ||    12
         Distracted        |       |       |     2 |     2 |    14 |     8 ||    26
         Confused          |       |       |     1 |       |       |       ||     1
         Paralysed         |       |       |       |       |     2 |       ||     2
         Petrified         |       |       |       |       |     1 |       ||     1
 Armour: Robe              |    39 |    39 |    11 |       |       |       ||    89
         Ring mail         |       |       |    66 |   173 |   161 |    33 ||   433
  Dodge: Dodged            |    87 |   104 |   135 |   252 |   315 |    86 ||   979
  Block: Other             |       |    29 |    28 |       |       |       ||    57
         Reflection        |       |       |     7 |     9 |    28 |    16 ||    60
         Buckler           |       |       |    70 |   351 |   557 |   119 ||  1097

Table legend: (Time is in decaauts)
 A = Elapsed time spent in this place.
 B = Non-inter-level travel time spent in this place.
 C = Inter-level travel time spent in this place.
 D = Time resting spent in this place.
 E = Time spent auto-exploring this place.
 F = Levels seen in this place.
 G = Mean time per level.
                   A        B        C        D        E       F      G
               +--------+--------+--------+--------+--------+-----+--------+
         Total |  25954 |  23649 |   2305 |   2621 |  10491 |  28 |  926.9 |
       Dungeon |  14619 |  12822 |   1797 |   1278 |   5984 |  15 |  974.6 |
        Temple |    163 |    163 |      0 |      0 |     71 |   1 |  163.0 |
          Lair |   5314 |   5005 |    309 |    419 |   2419 |   5 | 1062.8 |
        Shoals |   2919 |   2838 |     81 |    311 |   1296 |   3 |  973.0 |
  Orcish Mines |   2038 |   1921 |    117 |    601 |    678 |   2 | 1019.0 |
       Ossuary |    503 |    503 |      0 |     12 |     43 |   1 |  503.0 |
        Bailey |    394 |    394 |      0 |      0 |      0 |   1 |  394.0 |
               +--------+--------+--------+--------+--------+-----+--------+

Top non-repeatable levels by time:
  Lair:5: 1484 daAuts
Shoals:2: 1334 daAuts
    D:14: 1272 daAuts
     D:8: 1248 daAuts
Shoals:1: 1188 daAuts
     D:5: 1162 daAuts
    D:15: 1144 daAuts
    D:12: 1085 daAuts
  Lair:3: 1058 daAuts
  Lair:4: 1056 daAuts
   Orc:2: 1042 daAuts
     D:4: 1037 daAuts
     D:9: 1035 daAuts
     D:7: 1031 daAuts
   Orc:1: 995 daAuts
